 Dungeon Crawl Stone Soup version 0.23.0-2-g0fe3ce5 (webtiles) character file.

Game seed: 9839020424805362140

135 Inarius the Ducker (level 5, -5/42 HPs)
             Began as a Ghoul Fire Elementalist on Feb 19, 2019.
             Slain by Natasha (6 damage)
             ... on level 2 of the Dungeon.
             The game lasted 00:03:31 (1689 turns).

Inarius the Ducker (Ghoul Fire Elementalist)        Turns: 1689, Time: 00:03:32

Health: -5/42      AC: 10    Str: 13    XL:     5   Next: 18%
Magic:  6/6        EV: 10    Int: 10    God:
Gold:   79         SH:  0    Dex:  9    Spells: 6/7 levels left

rFire    . . .     SeeInvis .   u - +0 hand axe
rCold    + . .     Gourm    .   (no shield)
rNeg     + + +     Faith    .   r - +0 scale mail
rPois    ∞         Spirit   .   h - +0 helmet
rElec    .         Reflect  .   q - +2 cloak
rCorr    .         Harm     .   (no gloves)
MR       .....                  (no boots)
Stlth    ..........             (no amulet)
HPRegen  0.00/turn              (no ring)
MPRegen  0.10/turn              (no ring)

@: flying, rotting, slowed, very slow
A: rotting body, claws 1, carnivore, cold resistance 1, negative energy
resistance 3, inhibited regeneration, torment resistance, unbreathing
a: no special abilities


You were on level 2 of the Dungeon.
You were not hungry.

You visited 1 branch of the dungeon, and saw 2 of its levels.

You collected 79 gold pieces.

Inventory:

Hand Weapons
 u - a +0 hand axe (weapon)
Missiles
 l - a throwing net (quivered)
Armour
 h - a +0 helmet (worn)
 q - a +2 cloak (worn)
 r - a +0 scale mail (worn)
Scrolls
 a - 3 scrolls of identify {unknown}
 b - a scroll of fog {unknown}
 d - 2 scrolls of amnesia {unknown}
 g - 3 scrolls of teleportation {unknown}
 i - a scroll of blinking {unknown}
 s - a scroll of remove curse {unknown}
 t - a scroll of fear {unknown}
Potions
 f - a potion of brilliance {unknown}
 j - a potion of mutation {unknown}
 k - a potion of agility {unknown}
 m - a potion of might {unknown}
 n - a potion of lignification {unknown}
 o - a potion of degeneration {unknown}
Comestibles
 c - 5 rations


   Skills:
 * Level 2.7 Fighting
 + Level 1.5 Armour
 + Level 3.2 Dodging
 - Level 2.1 Stealth
 - Level 1.3 Unarmed Combat
 - Level 1.7 Spellcasting
 - Level 0.7 Conjurations
 - Level 2.4 Fire Magic


You had 6 spell levels left.
You knew the following spells:

 Your Spells              Type           Power        Failure   Level  Hunger
a - Flame Tongue          Conj/Fire      #....        61%         1    ##.....

Your spell library contained the following spells:

 Spells                   Type           Power        Failure   Level  Hunger
 Throw Flame              Conj/Fire      #.....       75%         2    ###....
 Conjure Flame            Conj/Fire      #.......     93%         3    ####...
 Inner Flame              Hex/Fire       #.......     95%         3    ####...
 Sticky Flame             Conj/Fire      #.......     100%        4    #####..
 Fireball                 Conj/Fire      #.........   100%        5    ######.


Dungeon Overview and Level Annotations

Branches:
Dungeon (2/15)

Altars:

Annotations:
D:2 Natasha


Innate Abilities, Weirdness & Mutations

Your body is rotting away.
You thrive on raw meat.
You are immune to poison.
You have sharp fingernails.
You are carnivorous and can eat meat at any time.
Your flesh is cold resistant. (rC+)
You are immune to negative energy. (rN+++)
You do not regenerate when monsters are visible.
You are immune to unholy pain and torment.
You can survive without breathing.


Message History

The shadow imp shouts, "Fly, thou surly bat-fowling wagtail!"
The white imp closely misses you. Natasha claws you but does no damage.
The white imp gestures at you.
The puff of frost hits you but does no damage.
Unknown command.
Unknown command.
Unknown command.
It was a potion of flight.
You feel very buoyant.
You fly up into the air.
The white imp gestures at you.
The puff of frost hits you but does no damage.
Natasha barely misses you. The white imp hits you.
* * * LOW HITPOINT WARNING * * *
The white imp freezes you. You resist.
* * * LOW HITPOINT WARNING * * *
The white imp gestures at you.
The puff of frost hits you but does no damage.
Natasha claws you.
You die...

..........##.#
..........##.#
...÷......##.#
..........<#.#
...........#.#
...........#)#
.............#####
...........#.....#
##########.#.###@#
#.#.#.h55.#
#.#.#.#5...#
#.#.#......# ..#..
..#..#
#######....#
.....# ##..##


You could see Natasha, 2 white imps and a shadow imp.

Vanquished Creatures
  An orc wizard (D:2)
  Natasha (D:2)
  3 adders (D:2)
  An ooze (D:1)
  A dart slug (D:1)
  A leopard gecko (D:2)
  2 orcs (D:2)
  5 bats
  4 giant cockroaches
  5 goblins (D:1)
  7 hobgoblins (D:1)
  A jackal (D:2)
  A frilled lizard (D:1)
  7 kobolds
  6 rats
46 creatures vanquished.

Notes
Turn   | Place    | Note
-------+----------+-------------------------------------------
     0 | D:1      | Inarius the Ghoul Fire Elementalist began the quest for the
                  | Orb.
     0 | D:1      | Reached XP level 1. HP: 14/14 MP: 2/2
     3 | D:1      | Noticed an electric eel
    34 | D:1      | Noticed an electric eel
   147 | D:1      | Reached skill level 2 in Dodging
   300 | D:1      | Reached skill level 1 in Fighting
   303 | D:1      | Reached XP level 2. HP: 23/23 MP: 3/3
   464 | D:1      | Reached skill level 1 in Unarmed Combat
   479 | D:1      | Reached XP level 3. HP: 22/29 MP: 4/4
   559 | D:1      | HP: 1/29 [ooze (2)]
  1335 | D:2      | Reached skill level 1 in Armour
  1348 | D:2      | Reached XP level 4. HP: 30/36 MP: 5/5
  1393 | D:2      | Noticed Natasha
  1411 | D:2      | Killed Natasha
  1450 | D:2      | Reached skill level 3 in Dodging
  1450 | D:2      | Reached XP level 5. HP: 29/42 MP: 6/6
  1676 | D:2      | Noticed Natasha
  1689 | D:2      | HP: 2/42 [white imp[Natasha] (2)]
  1689 | D:2      | Slain by Natasha

Skill      XL: |  1  2  3  4 |
---------------+-------------+-----
Dodging        | 2 3 |  3.2
Fighting       | 1 2 |  2.7
Unarmed Combat | 1 |  1.3
Armour         | 1 |  1.5
Stealth        | |  2.1
Spellcasting   | |  1.7
Conjurations   | |  0.7
Fire Magic     | |  2.4

Action                   |  1- 3 |  4- 6 || total
-------------------------+-------+-------++-------
Melee: Unarmed           |   158 |    43 ||   201
       Punch             |       |     1 ||     1
       Hand axe          |       |    45 ||    45
  Use: Potion            |       |     1 ||     1
 Stab: Sleeping          |     2 |       ||     2
  Eat: Chunk             |    24 |    13 ||    37
Armor: Leather armour    |    17 |       ||    17
       Robe              |     1 |       ||     1
       Skin              |    18 |       ||    18
       Scale mail        |    20 |    61 ||    81
Dodge: Dodged            |   115 |    57 ||   172
